[Event "ICC tourney 1924 (15 5)"]
[Site "Internet Chess Club"]
[Date "2020.07.17"]
[Round "2"]
[White "RoPac"]
[Black "BellaBu"]
[Result "1-0"]
[ICCResult "Black resigns"]
[WhiteElo "1527"]
[BlackElo "1326"]
[Opening "French: Steinitz variation"]
[ECO "B23"]
[NIC "SI.44"]
[Time "13:27:55"]
[TimeControl "900+5"]

1. e4 c5 2. Nc3 e6 3. f4 d5 4. Nf3 Nf6 5. e5 Nfd7 6. d4 c4 7. Be3 Be7 8. Be2
O-O 9. O-O Nc6 10. Re1 Nb6 11. Qd2 Bd7 12. Bf2 Nb4 13. a3 Na6 14. Rab1 Na4
15. Nxa4 Bxa4 16. b3 Bb5 17. a4 Bc6 18. bxc4 dxc4 19. Bxc4 Bxa4 20. Bxa6
bxa6 21. Ra1 Bb5 22. Rec1 a5 23. Qxa5 Qxa5 24. Rxa5 Bd7 25. Rca1 Bb4 26.
Rxa7 Rxa7 27. Rxa7 Rb8 28. Rxd7 Ba5 29. Kf1 Rb1+ 30. Ke2 Rb2 31. Kd3 Kf8 32.
Ra7 Bb6 33. Rb7 Bxd4 34. Rxb2 Bxb2 35. Bd4 Bxd4 36. Nxd4 Ke7 37. Ke4 f6 38.
c4 f5+ 39. Kd3 Kf7 40. c5 Ke7 41. Kc4 Kd7 42. Kb5 Kc7 43. Nxe6+ Kd7 44. c6+
Kxe6 45. Kb6 Ke7 46. Kb7 {Black resigns} 1-0

[Event "ICC tourney 1924 (15 5)"]
[Site "Internet Chess Club"]
[Date "2020.07.17"]
[Round "2"]
[White "Sophych"]
[Black "Siritnt"]
[Result "0-1"]
[ICCResult "White resigns"]
[WhiteElo "1273"]
[BlackElo "1376"]
[Opening "Sicilian"]
[ECO "B50"]
[NIC "SI.01"]
[Time "13:27:53"]
[TimeControl "900+5"]

1. e4 c5 2. Nf3 d6 3. Bc4 Nf6 4. d3 g6 5. O-O Bg4 6. Nc3 Bg7 7. h3 Bxf3 8.
Qxf3 O-O 9. Bf4 Nc6 10. e5 dxe5 11. Bh2 Nd4 12. Rae1 Nxf3+ 13. gxf3 Qb6 14.
Rxe5 Qxb2 15. Rxc5 Qxc3 16. Bxf7+ Rxf7 17. Rxc3 Nd5 18. Rc5 Nb4 19. a3 b6
20. Rc4 Nd5 21. Re1 Rxf3 22. h4 Raf8 23. Bg3 Bc3 24. Re2 a5 25. h5 gxh5 26.
Rc6 Bd4 27. Rce6 Bc5 28. c4 Nc3 29. Rd2 Bxa3 30. Rxb6 Bb4 31. Rc6 Ne4 32.
Re2 Nxg3 33. fxg3 Rxg3+ 34. Kh2 Rxd3 35. Rg2+ Kh8 36. c5 Rd2 37. Rxd2 Bxd2
38. Rb6 Bf4+ 39. Kh3 a4 40. c6 a3 41. Rb4 Bd6 42. Rb7 Ra8 43. c7 a2 44.
c8=Q+ Rxc8 45. Ra7 Rc3+ {White resigns} 0-1

[Event "ICC tourney 1924 (15 5)"]
[Site "Internet Chess Club"]
[Date "2020.07.17"]
[Round "2"]
[White "KingYap"]
[Black "rhadean"]
[Result "1-0"]
[ICCResult "Black checkmated"]
[WhiteElo "1386"]
[BlackElo "1280"]
[Opening "Giuoco Piano"]
[ECO "C50"]
[NIC "IG.02"]
[Time "13:41:06"]
[TimeControl "900+5"]

1. e4 e5 2. Nf3 Nc6 3. Bc4 Bc5 4. O-O Nf6 5. Nc3 O-O 6. d3 d6 7. h3 h6 8.
Be3 Bxe3 9. fxe3 Na5 10. b3 b6 11. d4 Nxc4 12. bxc4 Nd7 13. Nb5 Ba6 14. Qe2
Bxb5 15. cxb5 f6 16. c4 Qc8 17. a4 Qb7 18. d5 Nc5 19. Qc2 a5 20. Nh4 Kh7 21.
Nf5 g6 22. Ne7 Rf7 23. Nc6 f5 24. exf5 gxf5 25. Rxf5 Rxf5 26. Qxf5+ Kg7 27.
Qg4+ Kh7 28. Rf1 Rg8 29. Rf7+ Kh8 30. Qf5 Rg7 31. Rf8+ Rg8 32. Qf6+ Kh7 33.
Rf7+ Rg7 34. Qxg7# {Black checkmated} 1-0

[Event "ICC tourney 1924 (15 5)"]
[Site "Internet Chess Club"]
[Date "2020.07.17"]
[Round "3"]
[White "rishikanti"]
[Black "knightseu"]
[Result "1-0"]
[ICCResult "Black checkmated"]
[WhiteElo "1446"]
[BlackElo "1274"]
[Opening "Queen's pawn: London system"]
[ECO "A45"]
[NIC "QP.07"]
[Time "14:22:27"]
[TimeControl "900+5"]

1. d4 Nf6 2. Bf4 d5 3. e3 Nc6 4. Nf3 Be6 5. Nbd2 Bf5 6. c4 e6 7. a3 b6 8.
Qa4 Qd7 9. cxd5 exd5 10. Bb5 Bd3 11. Bxc6 Bc2 12. Bxd7+ Kd8 13. Qc6 Rc8 14.
Bxc8 Kxc8 15. Qxc7# {Black checkmated} 1-0

[Event "ICC tourney 1924 (15 5)"]
[Site "Internet Chess Club"]
[Date "2020.07.17"]
[Round "3"]
[White "trdnjava7"]
[Black "KingSpencer"]
[Result "1-0"]
[ICCResult "Black checkmated"]
[WhiteElo "1434"]
[BlackElo "1269"]
[Opening "Four knights: Spanish variation"]
[ECO "C48"]
[NIC "KP.03"]
[Time "14:24:01"]
[TimeControl "900+5"]

1. e4 e5 2. Nf3 Nc6 3. Nc3 Nf6 4. Bb5 d6 5. d3 a6 6. Ba4 b5 7. Bb3 Bg4 8. h3
Bxf3 9. Qxf3 Be7 10. Be3 Qd7 11. O-O-O O-O-O 12. Bg5 Nd4 13. Qe3 Nxb3+ 14.
axb3 h6 15. Qa7 Nxe4 16. Qa8# {Black checkmated} 1-0

[Event "ICC tourney 1924 (15 5)"]
[Site "Internet Chess Club"]
[Date "2020.07.17"]
[Round "3"]
[White "mxkuo"]
[Black "ehkuo"]
[Result "0-1"]
[ICCResult "White resigns"]
[WhiteElo "769"]
[BlackElo "838"]
[Opening "Giuoco Pianissimo: Canal variation"]
[ECO "C47"]
[NIC "KP.06"]
[Time "14:22:28"]
[TimeControl "900+5"]

1. e4 e5 2. Nf3 Nc6 3. Nc3 Nf6 4. Bc4 Bc5 5. d3 d6 6. Bg5 Bg4 7. O-O Nd4 8.
Nd5 Nxf3+ 9. gxf3 Bh3 10. Re1 h6 11. Nxf6+ gxf6 12. Bb5+ c6 13. Bxf6 Qxf6
14. Bc4 Qg6+ {White resigns} 0-1

[Event "ICC tourney 1924 (15 5)"]
[Site "Internet Chess Club"]
[Date "2020.07.17"]
[Round "3"]
[White "dmenon25"]
[Black "nihas204"]
[Result "0-1"]
[ICCResult "White resigns"]
[WhiteElo "1223"]
[BlackElo "1310"]
[Opening "Giuoco Piano"]
[ECO "C50"]
[NIC "IG.02"]
[Time "14:22:27"]
[TimeControl "900+5"]

1. e4 e5 2. Nf3 Nc6 3. Bc4 Bc5 4. Nc3 d6 5. d3 Bg4 6. h3 Bh5 7. O-O Nd4 8.
Be3 Nxf3+ 9. gxf3 Bxe3 10. fxe3 Qg5+ 11. Kf2 Qh4+ 12. Ke2 Qxh3 13. Kd2 Nf6
14. Kc1 O-O 15. Qd2 Qxf1+ 16. Qd1 Qh3 17. Kd2 Bxf3 18. Qh1 {White resigns}
0-1

[Event "ICC tourney 1924 (15 5)"]
[Site "Internet Chess Club"]
[Date "2020.07.17"]
[Round "3"]
[White "lienegu"]
[Black "IsaacCumes"]
[Result "0-1"]
[ICCResult "White checkmated"]
[WhiteElo "1327"]
[BlackElo "1414"]
[Opening "Ruy Lopez: Caro variation"]
[ECO "C70"]
[NIC "RL.09"]
[Time "14:22:56"]
[TimeControl "900+5"]

1. e4 e5 2. Nf3 Nc6 3. Bb5 a6 4. Ba4 b5 5. Bb3 Nf6 6. d3 Bb7 7. c3 Be7 8.
O-O O-O 9. Re1 Re8 10. Nbd2 d6 11. Nf1 Qd7 12. Ng3 Rad8 13. Ng5 h6 14. Nxf7
Kh7 15. Nxd8 Rxd8 16. Qf3 b4 17. Nf5 g6 18. Nxh6 Bf8 19. Qh3 Qxh3 20. gxh3
Bxh6 21. Bxh6 Kxh6 22. Re3 bxc3 23. bxc3 Na5 24. Bd5 Bxd5 25. exd5 Nxd5 26.
Rg3 Nxc3 27. Rc1 Ne2+ 28. Kg2 Nxc1 29. Re3 Rf8 30. Re1 Nxd3 31. Re3 Rxf2+
32. Kg3 Rd2 33. Kf3 Nc4 34. Re4 Rf2+ 35. Kg3 Nd2 36. Re3 Nf1+ 37. Kh4 Rf4#
{White checkmated}
0-1

[Event "ICC tourney 1924 (15 5)"]
[Site "Internet Chess Club"]
[Date "2020.07.17"]
[Round "3"]
[White "amqueen"]
[Black "nithin0628"]
[Result "0-1"]
[ICCResult "White checkmated"]
[WhiteElo "1222"]
[BlackElo "1276"]
[Opening "Queen's pawn game"]
[ECO "A45"]
[NIC "QP.07"]
[Time "14:22:26"]
[TimeControl "900+5"]

1. d4 Nf6 2. e3 g6 3. Bd3 Bg7 4. Nd2 O-O 5. f4 d6 6. Ngf3 c5 7. c3 cxd4 8.
exd4 Nc6 9. O-O e5 10. Ne4 Nxe4 11. Bxe4 exf4 12. Bxf4 d5 13. Bd3 Re8 14.
Qd2 Be6 15. Be5 Nxe5 16. Nxe5 Bxe5 17. dxe5 Bd7 18. Rae1 f5 19. Rf3 Qb6+ 20.
Kh1 Bb5 21. Bxb5 Qxb5 22. Rg3 Rad8 23. Qf4 Qxb2 24. Qxf5 Qxa2 25. Rf1 Rf8
26. Qe6+ Kg7 27. Qe7+ Kg8 28. Rxf8+ Rxf8 29. h3 Qf2 30. Qe6+ Kg7 31. Qxd5
Qxg3 32. Qd7+ Kh8 33. e6 Rf1# {White checkmated} 0-1

[Event "ICC tourney 1924 (15 5)"]
[Site "Internet Chess Club"]
[Date "2020.07.17"]
[Round "3"]
[White "LucSinton"]
[Black "rhadean"]
[Result "1-0"]
[ICCResult "Black checkmated"]
[WhiteElo "1389"]
[BlackElo "1239"]
[Opening "Four knights: Italian variation"]
[ECO "C47"]
[NIC "KP.06"]
[Time "14:27:39"]
[TimeControl "900+5"]

1. e4 e5 2. Nf3 Nc6 3. Nc3 Nf6 4. Bc4 Nxe4 5. Nxe4 d5 6. Bb5 dxe4 7. Bxc6+
bxc6 8. Nxe5 Bd6 9. Nxc6 Bb7 10. Nxd8 Kxd8 11. O-O Rb8 12. d3 f5 13. dxe4
fxe4 14. Bg5+ Kc8 15. Qg4# {Black checkmated} 1-0

[Event "ICC tourney 1924 (15 5)"]
[Site "Internet Chess Club"]
[Date "2020.07.17"]
[Round "3"]
[White "Egkninja"]
[Black "KingYap"]
[Result "1-0"]
[ICCResult "Black checkmated"]
[WhiteElo "1520"]
[BlackElo "1347"]
[Opening "Petrov: Cozio (Lasker) attack"]
[ECO "C42"]
[NIC "RG.03"]
[Time "14:22:46"]
[TimeControl "900+5"]

1. e4 e5 2. Nf3 Nf6 3. Nxe5 d6 4. Nf3 Nxe4 5. Qe2 Qe7 6. d3 Bf5 7. dxe4 Bxe4
8. Nc3 f5 9. Ng5 Nc6 10. Ngxe4 fxe4 11. Qxe4 O-O-O 12. Qxe7 Bxe7 13. Be2
Rde8 14. O-O Bf6 15. Bb5 Rhf8 16. Nd5 Bd4 17. c3 Bb6 18. Nxb6+ axb6 19. Bxc6
bxc6 20. Be3 c5 21. b4 c6 22. a4 d5 23. bxc5 bxc5 24. Bxc5 Rf5 25. a5 Kb7
26. a6+ Ka8 27. a7 Kb7 28. Rfb1+ Kc7 29. a8=Q Rxa8 30. Rxa8 Re5 31. h3 Kd7
32. Rb7+ Ke6 33. Re8+ Kf5 34. g4+ Kf4 35. Bd6 Kf3 36. Rxe5 d4 37. Rf7#
{Black checkmated}
1-0

[Event "ICC tourney 1924 (15 5)"]
[Site "Internet Chess Club"]
[Date "2020.07.17"]
[Round "3"]
[White "BellaBu"]
[Black "dhavansai"]
[Result "1-0"]
[ICCResult "Black checkmated"]
[WhiteElo "1385"]
[BlackElo "1221"]
[Opening "Center game: Berger variation"]
[ECO "C22"]
[NIC "KP.04"]
[Time "14:22:23"]
[TimeControl "900+5"]

1. e4 e5 2. d4 exd4 3. Qxd4 Nc6 4. Qe3 Nf6 5. Nc3 Bb4 6. Bd2 Bxc3 7. Bxc3
O-O 8. Bd3 d5 9. e5 Ne4 10. Bxe4 dxe4 11. Qxe4 Be6 12. Nf3 Bd5 13. Qd3 Bxf3
14. gxf3 Qxd3 15. cxd3 Rad8 16. O-O-O Rde8 17. f4 f6 18. exf6 gxf6 19. Rhg1+
Kh8 20. Rg3 Rg8 21. Bxf6+ Rg7 22. Bxg7+ Kg8 23. Bh6+ Kh8 24. f5 Nd4 25. Bg7+
Kg8 26. Bxd4+ Kf8 27. Rg2 b6 28. Bg7+ Kg8 29. Rdg1 Kf7 30. Be5 Rxe5 31. Rg7+
Kf6 32. Rxh7 Kxf5 33. Rh5+ Ke6 34. Rxe5+ Kxe5 35. Kd2 Kf4 36. f3 Kxf3 37.
Rf1+ Kg2 38. Rf8 Kxh2 39. Rg8 Kh3 40. Ke3 c5 41. Kf4 b5 42. Rg3+ Kh4 43. Rg1
Kh3 44. Rg8 Kh2 45. Kf3 Kh1 46. Kf2 Kh2 47. Rh8# {Black checkmated} 1-0

[Event "ICC tourney 1924 (15 5)"]
[Site "Internet Chess Club"]
[Date "2020.07.17"]
[Round "3"]
[White "Siritnt"]
[Black "NMHartman"]
[Result "1/2-1/2"]
[ICCResult "White stalemated"]
[WhiteElo "1382"]
[BlackElo "1517"]
[Opening "Ruy Lopez: old Steinitz defense"]
[ECO "C62"]
[NIC "RL.02"]
[Time "14:22:20"]
[TimeControl "900+5"]

1. e4 e5 2. Nf3 Nc6 3. Bb5 d6 4. O-O Be6 5. d3 Nf6 6. Bg5 h6 7. Bxf6 Qxf6 8.
Nc3 a6 9. Bxc6+ bxc6 10. Re1 Qg6 11. g3 Bh3 12. Nh4 Qg5 13. Qc1 Qg4 14. f3
Qe6 15. Qd1 Be7 16. Ng2 O-O 17. d4 exd4 18. Qxd4 f5 19. Nf4 Bf6 20. Nxe6
Bxd4+ 21. Kh1 Bxc3 22. bxc3 Rf7 23. Nf4 fxe4 24. Nxh3 exf3 25. Rf1 Raf8 26.
Kg1 g5 27. Nf2 Kg7 28. Rab1 Kg6 29. Rb7 c5 30. Ra7 Re7 31. Rxa6 Re2 32. Rc1
Rfe8 33. Kf1 R2e3 34. Ra7 Rxc3 35. Rxc7 Re2 36. Rc6 Rcxc2 37. Rxd6+ Kg7 38.
Rxc2 Rxc2 39. Rd7+ Kg6 40. Rd6+ Kg7 41. Rd7+ Kf8 42. Rh7 Rc1+ 43. Nd1 Rxd1+
44. Kf2 Rd2+ 45. Kxf3 Rxh2 46. a4 Ra2 47. Rxh6 Rxa4 48. Rh5 Ra8 49. Rxg5 Rc8
50. Rf5+ Kg7 51. Rg5+ Kf6 52. Rd5 c4 53. Rd1 c3 54. Rc1 Ke5 55. g4 Kd4 56.
Kf4 Kd3 57. g5 Kd2 58. Rh1 c2 59. Rh2+ Kc1 60. Rh1+ Kb2 61. Rh2 Kb1 62. Rh1+
c1=Q+ 63. Rxc1+ Rxc1 64. Kf5 Kc2 65. Kg6 Kd3 66. Kh7 Ke4 67. g6 Kf5 68. g7
Rh1+ 69. Kg8 Kg6 70. Kf8 Rf1+ 71. Kg8 Rf7 72. Kh8 Rxg7 {White stalemated}
1/2-1/2

[Event "ICC tourney 1924 (15 5)"]
[Site "Internet Chess Club"]
[Date "2020.07.17"]
[Round "3"]
[White "imstanley"]
[Black "Sophych"]
[Result "1-0"]
[ICCResult "Black checkmated"]
[WhiteElo "1295"]
[BlackElo "1199"]
[Opening "Sicilian: Alapin's variation (2.c3)"]
[ECO "B22"]
[NIC "SI.46"]
[Time "14:23:29"]
[TimeControl "900+5"]

1. e4 c5 2. c3 d6 3. d4 b6 4. Nf3 Nc6 5. d5 Nb8 6. c4 Nf6 7. Nc3 e6 8. Be3
Be7 9. Be2 O-O 10. O-O a6 11. Qc2 b5 12. cxb5 axb5 13. Nxb5 exd5 14. exd5
Nxd5 15. Rad1 Bb7 16. Bc4 Nb4 17. Qb1 d5 18. a3 N4a6 19. Ba2 d4 20. Nfxd4
Bg5 21. Nf3 Qf6 22. Nxg5 Nc6 23. Qxh7# {Black checkmated} 1-0

[Event "ICC tourney 1924 (15 5)"]
[Site "Internet Chess Club"]
[Date "2020.07.17"]
[Round "3"]
[White "vihar"]
[Black "AD2812"]
[Result "1/2-1/2"]
[ICCResult "Game drawn because neither player has mating material"]
[WhiteElo "1563"]
[BlackElo "1568"]
[Opening "Four knights: Italian variation"]
[ECO "C55"]
[NIC "IG.01"]
[Time "14:22:25"]
[TimeControl "900+5"]

1. e4 e5 2. Nf3 Nc6 3. Bc4 Nf6 4. Nc3 Nxe4 5. Nxe4 d5 6. Bxd5 Qxd5 7. Nc3
Qd8 8. O-O Bb4 9. d3 Bxc3 10. bxc3 f6 11. d4 Bg4 12. dxe5 Qxd1 13. Rxd1 Nxe5
14. h3 Nxf3+ 15. gxf3 Bxf3 16. Rd3 Bc6 17. Bf4 O-O 18. Re1 Rac8 19. Re7 Rf7
20. Rxf7 Kxf7 21. Re3 Bd5 22. a4 a5 23. Rd3 Bc6 24. Rd1 Bxa4 25. Ra1 Bxc2
26. Rxa5 Be4 27. Ra7 g5 28. Be3 b6 29. Bxb6 Kg6 30. Bxc7 Bf5 31. Kh2 Kh5 32.
Kg3 h6 33. c4 Be6 34. c5 Bd5 35. f4 f5 36. fxg5 Kxg5 37. Bf4+ Kg6 38. Ra5
Kh5 39. Ra6 Rg8+ 40. Kf2 Rg6 41. Rxg6 Kxg6 42. h4 h5 43. Kg3 Kf7 44. Bd6 Ke6
45. Kf4 Kf6 46. Be5+ Ke6 47. Bd6 Kf6 48. Be5+ Ke6 49. Bd6 Kf6 50. Be5+ Ke6
51. Bd6 Kf6 52. Be5+ Kg6 53. Bd6 Bh1 54. Ke5 Bg2 55. Kf4 Bf1 56. c6 Ba6 57.
c7 Bc8 58. Ke5 Kf7 59. Bc5 Ke8 60. Bd6 Kd7 61. Kd5 Ke8 62. Ke5 Kf7 63. Kf4
Ke6 64. Be5 Kd5 65. Bf6 Ke6 66. Kg5 Kd7 67. Kxf5 Kxc7+ 68. Kg5 Kd6 69. Kxh5
Ke6 70. Kg6 Ba6 71. h5 Bd3+ 72. Kg7 Kd5 73. h6 Kd6 74. h7 Bxh7
{Game drawn because neither player has mating material}
1/2-1/2

[Event "ICC tourney 1924 (15 5)"]
[Site "Internet Chess Club"]
[Date "2020.07.17"]
[Round "3"]
[White "JaithD"]
[Black "arjunbupeshnath"]
[Result "0-1"]
[ICCResult "White checkmated"]
[WhiteElo "1399"]
[BlackElo "1567"]
[Opening "Giuoco Piano"]
[ECO "C50"]
[NIC "IG.02"]
[Time "14:22:19"]
[TimeControl "900+5"]

1. e4 e5 2. Nf3 Nc6 3. Bc4 Bc5 4. Kf1 Nf6 5. Nc3 O-O 6. d3 h6 7. Ke2 d6 8.
Re1 Bg4 9. Kf1 Nd4 10. a3 Nxf3 11. gxf3 Bh3+ 12. Kg1 Nh5 13. Kh1 Bxf2 14.
Re2 Bc5 15. b4 Bd4 16. Bb2 Qh4 17. Qd2 Qf6 18. Nd5 Qxf3+ 19. Rg2 Bxg2+ 20.
Qxg2 Qxg2+ 21. Kxg2 Bxb2 22. Rg1 c6 23. Ne7+ Kh8 24. Kh1 Rfe8 25. Nf5 Rad8
26. Bxf7 Rf8 27. Bxh5 Rd7 28. Bg4 d5 29. Nxh6 Rc7 30. Nf5 Rf6 31. Rg3 Bc1
32. Rh3+ Bh6 33. Nxh6 Rxh6 34. Rf3 Rf6 35. Rh3+ Kg8 36. Bf5 Rh6 37. Rf3 dxe4
38. Bxe4 Rf7 39. Re3 Rh4 40. b5 Rg4 41. Bg2 Rf2 42. Bh3 Rg6 43. Rxe5 Rxc2
44. Be6+ Kh7 45. Rh5+ Rh6 46. Bf5+ g6 47. bxc6 Rxh5 48. cxb7 Rg5 49. b8=Q
Rc1# {White checkmated} 0-1

[Event "ICC tourney 1924 (15 5)"]
[Site "Internet Chess Club"]
[Date "2020.07.17"]
[Round "3"]
[White "eternaldhatu"]
[Black "unigirl314"]
[Result "1-0"]
[ICCResult "Black forfeits on time"]
[WhiteElo "1565"]
[BlackElo "1382"]
[Opening "Giuoco Piano"]
[ECO "C50"]
[NIC "IG.02"]
[Time "14:23:15"]
[TimeControl "900+5"]

1. e4 e5 2. Nf3 Nc6 3. Bc4 Bc5 4. O-O d6 5. d3 Be6 6. Bb3 Qe7 7. Nc3 O-O-O
8. Bd5 Qd7 9. a4 h5 10. b3 Nf6 11. Bxc6 Qxc6 12. Ba3 Bd4 13. Nxd4 exd4 14.
Nb5 Kb8 15. Nxd4 Qd7 16. Nxe6 fxe6 17. c3 e5 18. Re1 h4 19. h3 g5 20. f3
Rdg8 21. d4 g4 22. dxe5 Nh5 23. hxg4 h3 24. gxh3 Nf4 25. Qd2 Nxh3+ 26. Kg2
Qf7 27. exd6 Nf4+ 28. Kg3 Nh5+ 29. Kf2 Rxg4 30. dxc7+ Kxc7 31. Qd6+ Kc8 32.
Qc5+ Kb8 33. Qe5+ Ka8 34. Qxh8+ Rg8 35. Qd4 Qf4 36. Red1 Qh2+ 37. Ke3 Qf4+
38. Kd3 Qxf3+ 39. Kc2 Qe2+ 40. Kc1 a6 41. Bc5 {Black forfeits on time} 1-0

[Event "ICC tourney 1924 (15 5)"]
[Site "Internet Chess Club"]
[Date "2020.07.17"]
[Round "3"]
[White "shripat2020"]
[Black "eevee11"]
[Result "1/2-1/2"]
[ICCResult "Black stalemated"]
[WhiteElo "1425"]
[BlackElo "1431"]
[Opening "Scandinavian defense"]
[ECO "B01"]
[NIC "SD.03"]
[Time "14:22:39"]
[TimeControl "900+5"]

1. e4 d5 2. exd5 Nf6 3. Nc3 Bg4 4. Nf3 Nxd5 5. Nxd5 Qxd5 6. Be2 e6 7. O-O
Nd7 8. h3 Bh5 9. d3 O-O-O 10. Be3 Ne5 11. Nxe5 Qxe5 12. Bxh5 g6 13. Bf3 Qxb2
14. Qb1 Qxb1 15. Raxb1 b6 16. Rfd1 h5 17. Rb3 Bh6 18. Bxh6 Rxh6 19. Re1 Rg8
20. Re4 Kd7 21. Rbb4 f5 22. Red4+ Ke7 23. Kf1 g5 24. Be2 g4 25. h4 c5 26.
Rdc4 cxb4 27. Rxb4 Rc8 28. c4 Rc6 29. g3 a5 30. Rb3 Rh8 31. Rb5 Rb8 32. f3
Rc5 33. Rb3 b5 34. Rc3 bxc4 35. dxc4 Rb2 36. f4 Rxa2 37. Rb3 a4 38. Rb7+ Kf6
39. Bd1 Rxc4 40. Ra7 Ra1 41. Rd7 a3 42. Rd2 Ra4 43. Ke2 a2 44. Bxa4 Re1+ 45.
Kxe1 a1=Q+ 46. Ke2 Qxa4 47. Rd3 Qc2+ 48. Ke3 Qxd3+ 49. Kxd3 e5 50. Ke3 exf4+
51. Kxf4 Kg6 52. Ke3 Kf6 53. Kf4 Ke6 54. Kg5 Ke5 55. Kxh5 Ke4 56. Kg5 Ke5
57. h5 Ke6 58. h6 Kf7 59. Kxf5 Kg8 60. Kg6 Kh8 61. h7 {Black stalemated}
1/2-1/2

[Event "ICC tourney 1924 (15 5)"]
[Site "Internet Chess Club"]
[Date "2020.07.17"]
[Round "3"]
[White "RoPac"]
[Black "Tanvi02"]
[Result "1/2-1/2"]
[ICCResult "Black stalemated"]
[WhiteElo "1545"]
[BlackElo "1636"]
[Opening "Giuoco Piano: four knights variation"]
[ECO "C50"]
[NIC "IG.02"]
[Time "14:23:12"]
[TimeControl "900+5"]

1. e4 e5 2. Nf3 Nc6 3. Bc4 Bc5 4. Nc3 Nf6 5. O-O O-O 6. d3 d6 7. Be3 Bxe3 8.
fxe3 h6 9. d4 exd4 10. exd4 a6 11. d5 Na5 12. Bd3 Bg4 13. b4 Bxf3 14. Qxf3
c5 15. bxa5 Qxa5 16. Ne2 b5 17. c4 bxc4 18. Bxc4 Rfe8 19. Ng3 Qd2 20. Rf2
Qd4 21. Rd1 Qxc4 22. Qe2 Qxe2 23. Rxe2 h5 24. Rde1 h4 25. Nf5 g5 26. Nxd6
Red8 27. e5 Ne8 28. Nxe8 Rxe8 29. Rc2 Rac8 30. Rec1 Rxe5 31. Rxc5 Re1+ 32.
Rxe1 Rxc5 33. Re8+ Kg7 34. d6 Rd5 35. Rd8 Kf6 36. d7 Ke7 37. Ra8 Rxd7 38.
Rxa6 Rd1+ 39. Kf2 Ra1 40. a4 f5 41. Ra7+ Kf6 42. a5 Ra2+ 43. Kf1 Ra1+ 44.
Kf2 Ra2+ 45. Kf1 g4 46. a6 h3 47. gxh3 gxh3 48. Ra8 Ke7 49. Ra7+ Kd6 50. Ra8
Kc7 51. a7 f4 52. Kg1 f3 53. Kf1 Kb7 54. Rf8 Ra1+ 55. Kf2 Ra2+ 56. Kxf3 Ra1
57. Kg3 Ra3+ 58. Kh4 Kxa7 59. Rf7+ Kb6 60. Rf6+ Kc5 61. Rg6 Kd5 62. Rg3 Ra4+
63. Kxh3 Ke5 64. Rg5+ Kf6 65. Rg4 Rxg4 66. Kxg4 Kg6 67. h3 Kh7 68. Kh5 Kg7
69. Kg5 Kh8 70. Kh6 Kg8 71. h4 Kh8 72. h5 Kg8 73. Kg6 Kh8 74. Kh6 Kg8 75.
Kg6 Kh8 76. h6 Kg8 77. h7+ Kh8 78. Kh6 {Black stalemated} 1/2-1/2

[Event "ICC tourney 1924 (15 5)"]
[Site "Internet Chess Club"]
[Date "2020.07.17"]
[Round "4"]
[White "nithin0628"]
[Black "BellaBu"]
[Result "0-1"]
[ICCResult "White resigns"]
[WhiteElo "1264"]
[BlackElo "1432"]
[Opening "Sicilian: O'Kelly variation"]
[ECO "B28"]
[NIC "SI.43"]
[Time "15:17:15"]
[TimeControl "900+5"]

1. e4 c5 2. Nf3 a6 3. d4 cxd4 4. Nxd4 Nf6 5. Nc3 e5 6. Nf3 Bb4 7. Bd2 d5 8.
exd5 Nxd5 9. Nxe5 Bxc3 10. Bxc3 Nxc3 11. Qd6 Qxd6 {White resigns} 0-1

[Event "ICC tourney 1924 (15 5)"]
[Site "Internet Chess Club"]
[Date "2020.07.17"]
[Round "4"]
[White "LucSinton"]
[Black "KingSpencer"]
[Result "1-0"]
[ICCResult "Black resigns"]
[WhiteElo "1425"]
[BlackElo "1233"]
[Opening "Four knights: Italian variation"]
[ECO "C47"]
[NIC "KP.06"]
[Time "15:17:04"]
[TimeControl "900+5"]

1. e4 e5 2. Nf3 Nc6 3. Nc3 Nf6 4. Bc4 Bb4 5. O-O Bxc3 6. dxc3 Nxe4 7. Qd5
Nd6 8. Nxe5 Nxe5 9. Qxe5+ Qe7 10. Qxe7+ Kxe7 11. Re1+ Kf8 12. Bf4 Nxc4 13.
Bxc7 Nxb2 14. Re2 g6 15. Rae1 Kg7 16. Be5+ f6 17. Bf4 b6 18. Re7+ Kg8 19.
Re8+ {Black resigns} 1-0

[Event "ICC tourney 1924 (15 5)"]
[Site "Internet Chess Club"]
[Date "2020.07.17"]
[Round "4"]
[White "dhavansai"]
[Black "lienegu"]
[Result "0-1"]
[ICCResult "White checkmated"]
[WhiteElo "1195"]
[BlackElo "1361"]
[Opening "French defense"]
[ECO "C00"]
[NIC "FR.01"]
[Time "15:18:29"]
[TimeControl "900+5"]

1. e4 e6 2. Nf3 d6 3. Nc3 Nc6 4. d4 Be7 5. Bb5 a6 6. Bxc6+ bxc6 7. O-O Nf6
8. e5 dxe5 9. dxe5 Qxd1 10. Rxd1 Nd7 11. Bg5 Bxg5 12. Nxg5 Nxe5 13. Re1 Ng6
14. Rad1 O-O 15. Nce4 Bb7 16. c4 Rad8 17. Rxd8 Rxd8 18. b4 Rd4 19. Nc5 Bc8
20. Nf3 Rxc4 21. Rb1 Rc2 22. Nd4 Rxa2 23. Nd3 Rd2 24. Rb3 Rd1+ 25. Ne1 Rxe1#
{White checkmated}
0-1

[Event "ICC tourney 1924 (15 5)"]
[Site "Internet Chess Club"]
[Date "2020.07.17"]
[Round "4"]
[White "IsaacCumes"]
[Black "RoPac"]
[Result "1-0"]
[ICCResult "Black checkmated"]
[WhiteElo "1471"]
[BlackElo "1488"]
[Opening "Giuoco Piano"]
[ECO "C50"]
[NIC "IG.02"]
[Time "15:16:51"]
[TimeControl "900+5"]

1. e4 e5 2. Nf3 Nc6 3. Bc4 Bc5 4. O-O Nf6 5. d3 O-O 6. Bg5 h6 7. Bh4 d6 8.
Nc3 Be6 9. Nd5 Bxd5 10. Bxd5 Qd7 11. Bxf6 gxf6 12. Qe2 Nd4 13. Nxd4 Bxd4 14.
c3 Bc5 15. Qh5 Kh7 16. Bxb7 Rab8 17. Bd5 c6 18. Bc4 d5 19. exd5 cxd5 20. Bb3
d4 21. cxd4 Bxd4 22. Rab1 a5 23. Rfe1 a4 24. Bc4 Rxb2 25. Rxb2 Bxb2 26. Re3
Qd4 27. Bxf7 Bc1 28. Qg6+ Kh8 29. Qxh6# {Black checkmated} 1-0

[Event "ICC tourney 1924 (15 5)"]
[Site "Internet Chess Club"]
[Date "2020.07.17"]
[Round "4"]
[White "NMHartman"]
[Black "vihar"]
[Result "1-0"]
[ICCResult "Black resigns"]
[WhiteElo "1575"]
[BlackElo "1543"]
[Opening "Giuoco Pianissimo"]
[ECO "C24"]
[NIC "IG.04"]
[Time "15:18:07"]
[TimeControl "900+5"]

1. e4 e5 2. Bc4 Nf6 3. d3 Nc6 4. Nf3 Bc5 5. O-O d6 6. Be3 Bxe3 7. fxe3 Bg4
8. h3 Bxf3 9. Qxf3 O-O 10. Nc3 Qd7 11. Nd5 Nxd5 12. exd5 e4 13. Qxe4 Ne5 14.
Rae1 Rfe8 15. Qd4 c5 16. Qf4 Nxc4 17. dxc4 Re5 18. Rf2 Qe7 19. Ref1 f6 20.
Rf3 Re8 21. Re1 g5 22. Qg4 Qf7 23. Kf2 Kg7 24. Rf5 Rxf5+ 25. Qxf5 Re5 26.
Qd3 Qd7 27. b3 Rf5+ 28. Kg1 a5 29. Qc3 b6 30. a4 Qe7 31. g4 Rf3 32. Kg2 Qe4
33. Qd3 Qxd3 34. cxd3 Rxe3 35. Rxe3 Kg6 36. Re6 Kf7 37. Rxd6 Kg6 38. Rxb6
Kf7 39. d6 Ke6 40. Kf3 Kd7 41. Ke4 h6 42. Kf5 h5 43. gxh5 g4 44. hxg4 Ke8
45. h6 Kf8 46. h7 Kg7 47. d7 Kxh7 48. d8=Q {Black resigns} 1-0

[Event "ICC tourney 1924 (15 5)"]
[Site "Internet Chess Club"]
[Date "2020.07.17"]
[Round "4"]
[White "trdnjava7"]
[Black "JaithD"]
[Result "0-1"]
[ICCResult "White checkmated"]
[WhiteElo "1382"]
[BlackElo "1430"]
[Opening "Three knights game"]
[ECO "C46"]
[NIC "KP.06"]
[Time "15:16:54"]
[TimeControl "900+5"]

1. e4 e5 2. Nf3 Nc6 3. Nc3 Bc5 4. Bb5 d6 5. d3 Nf6 6. Bg5 Be6 7. O-O O-O 8.
Re1 h6 9. Bh4 a6 10. Bc4 Bxc4 11. dxc4 g5 12. Nxg5 hxg5 13. Bxg5 Kg7 14. Qf3
Rg8 15. Qg3 Kf8 16. Bh6+ Ke7 17. Qh4 Rg4 18. Bg5 Rxh4 19. Bxh4 Qg8 20. Nd5+
Kd8 21. Bxf6+ Kd7 22. Bh4 Qg6 23. Nf6+ Ke6 24. Nd5 Rg8 25. g3 Rh8 26. Kf1
Qg4 27. Nxc7+ Kd7 28. Nd5 Qf3 29. Re2 Qh1# {White checkmated} 0-1